 Dungeon Crawl Stone Soup version 0.30-a0-760-g5a9884bb7c (webtiles) character file.

Game seed: 10080400446266720118

8603 lunkers the Party-goer (level 11, -1/99 HPs)
             Began as a Meteoran Fighter on Feb 10, 2023.
             Was a Follower of Uskayaw.
             Slain by an eight-headed hydra (8 damage)
             ... on level 3 of the Lair of Beasts.
             The game lasted 00:18:12 (4495 turns).

lunkers the Party-goer (Meteoran Fighter)           Turns: 4495, Time: 00:18:12

Health: -1/99      AC:  8    Str: 17    XL:     11   Next: 89%
Magic:  14/20      EV: 19    Int: 12    God:    Uskayaw [*.....]
Gold:   648        SH:  5    Dex: 17    Spells: 10/10 levels left

rFire   . . .      SeeInvis .    a - +4 quick blade (elec)
rCold   . . .      Faith    .    c - +0 buckler
rNeg    . . .      Spirit   .    b - +0 scale mail
rPois   .          Reflect  .    (no helmet)
rElec   .          Harm     .    (no cloak)
rCorr   .          Rampage  .    (no gloves)
Will    +....                    (no boots) Stlth
                                 k - amulet of the acrobat
HPRegen 0.36/turn                m - ring of flight
MPRegen 0.17/turn                w - +5 ring of evasion

@: flying, glowing
A: sense surroundings 2, otherworldly, glowing, explore regen
a: Renounce Religion, Stomp


You were on level 3 of the Lair of Beasts.
You worshipped Uskayaw.
Uskayaw was aware of your devotion.
You visited 3 branches of the dungeon, and saw 13 of its levels.
You also visited: Sewer and Bailey.

You collected 648 gold pieces.

Inventory:

Hand Weapons
 a - a +4 quick blade of electrocution (weapon)
 e - a +1 dagger of venom
 j - a +2 short sword of protection
 n - a +0 short sword of flaming
Missiles
 q - 2 curare-tipped darts
Armour
 b - a +0 scale mail (worn)
 c - a +0 buckler (worn)
 i - a scarf of invisibility
Jewellery
 k - an amulet of the acrobat (around neck)
 m - a ring of flight (left hand)
 o - a ring of ice
 w - a +5 ring of evasion (right hand)
Wands
 r - a wand of roots (11)
 u - a wand of charming (34)
Scrolls
 g - 2 scrolls of amnesia
 y - a scroll of identify
 A - 3 scrolls of teleportation
 C - a scroll of blinking
Potions
 d - a potion of resistance
 f - 2 potions of heal wounds
 h - 8 potions of curing
 l - 3 potions of magic
 p - 2 potions of lignification
 s - 3 potions of attraction {unknown}
 t - a potion of mutation {unknown}
 v - 2 potions of might
 x - 3 potions of cancellation {unknown}
 z - a potion of berserk rage {unknown}
 B - 5 potions of flight


   Skills:
 + Level 9.7 Fighting
 - Level 7.5(8.0) Short Blades
 - Level 3.9(6.5) Long Blades
 + Level 7.7 Armour
 + Level 9.9 Dodging
 - Level 3.6 Shields
 + Level 11.3 Invocations


You had 10 spell levels left.
You didn't know any spells.
Your spell library contained the following spells:

 Spells                   Type           Power      Damage    Failure   Level
 Sandblast                Erth           0%         2d4       77%         1
 Ensorcelled Hibernation  Hex/Ice        0%         N/A       88%         2
 Passwall                 Tmut/Erth      0%         N/A       88%         2
 Static Discharge         Conj/Air       0%         2-2/arc   88%         2
 Stone Arrow              Conj/Erth      0%         3d7       98%         3
 Swiftness                Air            0%         N/A       98%         3
 Vhi's Electric Charge    Tloc/Air       0%         N/A       98%         3
 Arcjolt                  Conj/Air       0%         1d10      100%        5
 Lightning Bolt           Conj/Air       0%         1d11      100%        5


Dungeon Overview and Level Annotations

Branches:
Dungeon (8/15) Zot: 2250   Temple (1/1) D:4 Zot: 556    Lair (4/5) D:8 Zot: 1503
 Spider (0/4) Lair:2        Sewer (visited)          Bailey (visited)
  Swamp: Lair:2-3    Shoals: Lair:2-3     Slime: Lair:4-5

Altars:
Ashenzari
Cheibriados
Dithmenos
Elyvilon
Fedhas
Gozag
Hepliaklqana
Makhleb
Nemelex Xobeh
Okawaru
Qazlal
Uskayaw
Vehumet
Xom
Yredelemnul
Zin
The Shining One

Shops:
D:5 !*

Annotations:
D:3 1 runed translucent door
Lair:2 3 runed translucent doors, Monkooky's ghost, journeyman HuWn


Innate Abilities, Weirdness & Mutations

You passively map the area around you.
You are easily found by Zot.
You glow in the dark.
You regain HP and MP as you explore.


Message History

The eight-headed hydra misses you. The eight-headed hydra bites you.
The eight-headed hydra bites you but does no damage. x2
The eight-headed hydra misses you.
The eight-headed hydra bites you but does no damage.
The eight-headed hydra bites you!
You fly upwards.
There is a stone staircase leading down here.
You hit the eight-headed hydra.
Lightning courses through the eight-headed hydra!
The eight-headed hydra is lightly wounded.
You hit the eight-headed hydra but do no damage.
The eight-headed hydra is lightly wounded.
The eight-headed hydra bites you! The eight-headed hydra misses you.
The eight-headed hydra bites you!
* * * LOW HITPOINT WARNING * * *
You block the eight-headed hydra's attack.
The eight-headed hydra completely misses you. x2
The eight-headed hydra barely misses you.
The eight-headed hydra misses you.
You stomp with the beat, sending a shockwave through the revellers around you!
The eight-headed hydra is moderately wounded.
You can no longer pass through a line of other dancers.
The eight-headed hydra barely misses you.
The eight-headed hydra bites you but does no damage.
You block the eight-headed hydra's attack.
The eight-headed hydra bites you!
* * * LOW HITPOINT WARNING * * *
The eight-headed hydra bites you!
* * * LOW HITPOINT WARNING * * *
The eight-headed hydra barely misses you. x2
The eight-headed hydra bites you!
* * * LOW HITPOINT WARNING * * *
You can now pass through a line of other dancers.
You stomp with the beat, sending a shockwave through the revellers around you!
The eight-headed hydra is heavily wounded.
You can no longer pass through a line of other dancers.
The eight-headed hydra bites you!
* * * LOW HITPOINT WARNING * * *
The eight-headed hydra bites you!
You die...

#.⌠.>..+..#...<........... ,
#.#.....#..#.......#....P..
##.⌠.##...#.⌠.⌠.......... ,,
#.#####..#..........#.## ,* *
#.P####.............#.#P ,
#####..##.#..##.......#.....
...##...P.##...#..#####..#..#..#
.............<.##..^....##....##
...####.#.....D@##.....###..#..#
, #######.#####.+###........ *
#.##...#..##.#..#.#. **
*#..#P..#..##.##.#...
*..##....#.##.##.#.##
##.###............... #..
#............... #..
#.P#....##..#.##
#.........#########


You could see an eight-headed hydra.

Vanquished Creatures
  A wolf spider (Lair:2)
  A black mamba (Lair:2)
  A cane toad (Lair:3)
  Maggie (D:7)
  A komodo dragon (Lair:3)
  2 rime drakes
  Prince Ribbit (D:8)
  3 blink frogs (Lair:1)
  Grinder (D:3)
  4 spriggans (Lair:1)
  3 yaks (Lair:3)
  A wyvern (Lair:1)
  A steam dragon (D:6)
  An acid dragon (D:8)
  7 water moccasins
  2 ice beasts (D:7)
  3 orc warriors (Bailey)
  2 black bears
  3 ogres
  2 sky beasts
  A centaur (D:6)
  6 wolves (Lair:3)
  2 phantoms (D:6)
  3 kobold brigands
  5 bullfrogs
  2 necrophages
  5 scorpions
  A wight (D:6)
  An electric eel (D:7)
  5 orc priests
  6 hounds
  An iguana (D:6)
  An orc wizard (D:4)
  4 gnolls
  8 adders
  4 river rats
  2 white imps (D:8)
  3 ufetubi
  A worm (D:3)
  2 dart slugs
  23 orcs
  5 ball pythons
  3 endoplasms
  3 giant cockroaches
  12 goblins
  9 hobgoblins
  A jackal (Sewer)
  2 quokkas
  3 bats
  6 frilled lizards
  18 kobolds
  6 rats
195 creatures vanquished.

Vanquished Creatures (others)
  2 fungi
  7 plants
9 creatures vanquished.

Grand Total: 204 creatures vanquished

Notes
Turn   | Place    | Note
-------+----------+-------------------------------------------
     0 | D:1      | lunkers the Meteoran Fighter began the quest for the Orb.
     0 | D:1      | Reached XP level 1. HP: 19/19 MP: 2/2
    62 | D:1      | Reached XP level 2. HP: 13/26 MP: 3/3
   207 | D:1      | Reached XP level 3. HP: 31/31 MP: 4/4
   328 | D:2      | Reached skill level 1 in Short Blades
   510 | D:2      | Reached XP level 4. HP: 32/38 MP: 5/5
   529 | D:3      | Found a runed translucent door.
   804 | D:3      | Noticed Grinder
   828 | D:3      | Killed Grinder
   829 | D:3      | Reached skill level 5 in Short Blades
   829 | D:3      | Reached XP level 5. HP: 42/45 MP: 6/6
   829 | D:3      | Reached XP level 6. HP: 47/51 MP: 7/7
   833 | D:3      | Found a glowing drain.
   851 | Sewer    | Entered a sewer
   885 | Sewer    | Reached XP level 7. HP: 48/57 MP: 8/8
  1452 | D:4      | Found a staircase to the Ecumenical Temple.
  1461 | Temple   | Entered the Ecumenical Temple
  1478 | Temple   | Identified a scroll of acquirement
  1478 | Temple   | Acquired a +3 quick blade of electrocution
  1495 | Temple   | Became a worshipper of Uskayaw the Reveller
  1525 | D:4      | Reached * piety under Uskayaw
  1532 | D:4      | Reached ** piety under Uskayaw
  1543 | D:4      | Reached skill level 1 in Invocations
  1544 | D:4      | Reached *** piety under Uskayaw
  1546 | D:4      | Reached **** piety under Uskayaw
  1615 | D:4      | Reached skill level 2 in Invocations
  1677 | D:4      | Reached XP level 8. HP: 54/63 MP: 10/10
  1715 | D:4      | Reached skill level 3 in Invocations
  1747 | D:5      | Entered Level 5 of the Dungeon
  1763 | D:4      | Reached skill level 1 in Dodging
  1837 | D:4      | Reached skill level 4 in Invocations
  1860 | D:5      | Found Riahusm's Distillery.
  1891 | D:5      | Found Qeffasch's Overcharged Wands.
  2035 | D:5      | Reached skill level 5 in Invocations
  2053 | D:5      | You are sucked into a shaft and drop 2 floors!
  2155 | D:6      | Gained mutation: You passively map the area around you.
                  | [Meteoran growth]
  2155 | D:6      | Reached XP level 9. HP: 68/73 MP: 12/14
  2182 | D:6      | Reached skill level 5 in Fighting
  2303 | D:6      | Reached skill level 6 in Invocations
  2309 | D:6      | Reached ***** piety under Uskayaw
  2313 | D:6      | Reached skill level 5 in Dodging
  2328 | D:6      | Reached skill level 7 in Invocations
  2623 | D:7      | Found a glowing silver altar of Zin.
  2624 | D:7      | Found a glowing golden altar of the Shining One.
  2655 | D:7      | Reached XP level 10. HP: 82/84 MP: 16/16
  2746 | D:7      | Noticed Maggie
  2759 | D:7      | Killed Maggie
  2760 | D:7      | Reached skill level 8 in Invocations
  2865 | D:8      | Found a staircase to the Lair.
  2983 | D:8      | Noticed Prince Ribbit
  2993 | D:8      | Killed Prince Ribbit
  2994 | D:8      | Reached skill level 9 in Invocations
  3061 | D:8      | Found a flagged portal.
  3085 | Bailey   | Entered a bailey
  3452 | Lair:1   | Entered Level 1 of the Lair of Beasts
  3519 | Lair:1   | Noticed a rime drake
  3527 | Lair:1   | Reached skill level 5 in Armour
  3529 | Lair:1   | Killed a rime drake
  3717 | Lair:1   | Reached XP level 11. HP: 91/95 MP: 19/19
  3756 | Lair:1   | Reached skill level 10 in Invocations
  3991 | Lair:1   | Glimpsed the power of Zot.
  4064 | Lair:1   | Glimpsed the power of Zot.
  4093 | Lair:2   | Found a hole to the Spider Nest.
  4093 | Lair:2   | Noticed a wolf spider
  4093 | Lair:2   | Noticed a wolf spider
  4110 | Lair:2   | Killed a wolf spider
  4157 | Lair:2   | Noticed a black mamba
  4174 | Lair:2   | Killed a black mamba
  4190 | Lair:2   | Found a runed translucent gate.
  4191 | Lair:2   | Found a runed translucent gate.
  4192 | Lair:2   | Found a runed translucent gate.
  4213 | Lair:2   | Noticed Monkooky's ghost (journeyman HuWn)
  4252 | Lair:3   | Reached skill level 11 in Invocations
  4478 | Lair:4   | Noticed an eight-headed hydra
  4495 | Lair:3   | Slain by an eight-headed hydra

Illustrated notes

Levels and vault maps discovered:
D:1:      psy_arrival_basics, layout_basic, minmay_3d_cube
D:2:      wad_river_or_something, layout_rooms, minmay_misc_feat_ornament,
          minmay_misc_feat_alley, dreamdust_princess_corridor
D:3:      layout_basic, cheibrodos_sewer_entry_sluice, ebering_ghost_sewer_d,
          uniq_ijyb, uniq_natasha, uniq_grinder
D:4:      layout_basic, kennysheep_orc_sif_temple, minmay_temple_entry_overgrown
D:5:      layout_basic, trog_antimagical, serial_shops, shop,
          nicolae_shop_overcharged_wands, uniq_pikel, uniq_blork_the_orc
D:6:      layout_basic, minmay_alternating_orb
D:7:      layout_cave_pods, mainiacjoe_overflow_24_doors,
          nicolae_overflow_two_pavilions, serial_bayou_ford_a, uniq_maggie
D:8:      nicolae_cairo_tiling_very_big, layout_gridville, marbit_many_paths,
          serial_shops, kennysheep_mini, enter_bailey_5, uniq_prince_ribbit1
Temple:   hellmonk_temple_two_chambers
Lair:1:   kb_forest_paths, layout_layer_cave, uniq_fannar
Lair:2:   layout_big_grid, nicolae_shoals_entry_roost,
          spider_nest_entry_funnel_web, maelrawn_ghost_gauntlet_escape,
          serial_bayou_pond_a, chequers_serial_rivers_small_a
Lair:3:   layout_loops_ring, nicolae_lair_lil_pond, grunt_megastairs_2
Lair:4:   layout_regular_city, disabler_island, grunt_megastairs_5

Skill      XL: |  1  2  3  4  5  6  7  8  9 10 11 |
---------------+----------------------------------+-----
Long Blades    | 3 |  3.9
Short Blades   | 2 5 6 7 |  7.5
Invocations    | 2 5 7 9 11 | 11.3
Dodging        | 3 6 8 9 |  9.9
Fighting       | 4 6 8 9 |  9.7
Armour         | 5 7 |  7.7
Shields        | |  3.6

Action                     |  1- 3 |  4- 6 |  7- 9 | 10-12 || total
---------------------------+-------+-------+-------+-------++-------
  Melee: Long sword        |    36 |       |       |       ||    36
         Short sword       |    55 |     5 |       |       ||    60
         Dagger            |       |    54 |    73 |       ||   127
         Quick blade       |       |       |   263 |   400 ||   663
  Throw: Dart              |       |       |     2 |       ||     2
 Invoke: Stomp             |       |       |       |     7 ||     7
    Use: Potion            |       |     1 |       |       ||     1
         Scroll            |       |       |     7 |     8 ||    15
   Stab: Paralysed         |       |       |    10 |    22 ||    32
 Armour: Scale mail        |    44 |    20 |    68 |    38 ||   170
  Dodge: Dodged            |    43 |    28 |    96 |   163 ||   330
  Block: Buckler           |    17 |     7 |    45 |    47 ||   116

Table legend: (Time is in decaauts)
 A = Elapsed time spent in this place.
 B = Non-inter-level travel time spent in this place.
 C = Inter-level travel time spent in this place.
 D = Time resting spent in this place.
 E = Time spent auto-exploring this place.
 F = Levels seen in this place.
 G = Mean time per level.
                   A        B        C        D        E       F      G
               +--------+--------+--------+--------+--------+-----+--------+
         Total |   4118 |   4004 |    114 |      0 |   2376 |  15 |  274.5 |
       Dungeon |   2549 |   2435 |    114 |      0 |   1454 |   8 |  318.6 |
        Temple |     43 |     43 |      0 |      0 |     10 |   1 |   43.0 |
          Lair |    895 |    895 |      0 |      0 |    576 |   4 |  223.8 |
         Sewer |    432 |    432 |      0 |      0 |    260 |   1 |  432.0 |
        Bailey |    197 |    197 |      0 |      0 |     76 |   1 |  197.0 |
               +--------+--------+--------+--------+--------+-----+--------+

Top non-repeatable levels by time:
  Lair:1: 562 daAuts
     D:3: 486 daAuts
   Sewer: 432 daAuts
     D:6: 413 daAuts
     D:4: 330 daAuts
     D:8: 292 daAuts
     D:7: 288 daAuts
     D:1: 282 daAuts
     D:2: 256 daAuts
  Lair:3: 207 daAuts
     D:5: 199 daAuts
  Bailey: 197 daAuts
  Lair:2: 118 daAuts
  Temple: 43 daAuts
  Lair:4: 7 daAuts
